 Dungeon Crawl Stone Soup version 0.30-a0-989-g0d87f670db (webtiles) character file.

Game seed: 4509594822015150793

129 112233 the Insei (level 4, -1/34 HPs)
             Began as a Demonspawn Transmuter on Apr 4, 2023.
             Slain by an iguana (12 damage)
             ... on level 5 of the Dungeon.
             The game lasted 00:02:58 (2187 turns).

112233 the Insei (Demonspawn Transmuter)            Turns: 2187, Time: 00:02:59

Health: -1/34      AC:  3    Str: 10    XL:     4   Next: 88%
Magic:  3/7        EV: 12    Int: 18    God:
Gold:   154        SH:  0    Dex: 14    Spells: 4/7 levels left

rFire   . . .      SeeInvis .      - Unarmed
rCold   . . .      Faith    .    (no shield)
rNeg    . . .      Spirit   .    a - +0 robe
rPois   .          Reflect  .    (helmet currently unavailable)
rElec   .          Rampage  .    f - +0 cloak
rCorr   .                        (no gloves)
Will    .....                    (boots currently unavailable)
Stlth   +                        (no amulet)
HPRegen 0.25/turn                (no ring)
MPRegen 0.10/turn                (no ring)

@: appendages, very slightly contaminated
A: horns 2, talons 2, claws 1, big brain 1
a: End Transformation


You were on level 5 of the Dungeon.
You had temporarily grown beastly horns and talons.
You visited 1 branch of the dungeon, and saw 5 of its levels.

You collected 154 gold pieces.

Inventory:

Armour
 a - a +0 robe (worn)
 f - a +0 cloak (worn)
Scrolls
 c - a scroll of enchant weapon {unknown}
 e - 6 scrolls of identify
 h - a scroll of brand weapon
 i - 2 scrolls of teleportation
 j - a scroll of torment {unknown}
 l - 2 scrolls of fear {unknown}
Potions
 b - a potion of lignification
 d - a potion of might {unknown}
 g - a potion of heal wounds {unknown}
 k - 2 potions of resistance {unknown}


   Skills:
 * Level 2.4 Fighting
 * Level 2.8 Dodging
 * Level 3.4 Unarmed Combat
 + Level 2.4 Spellcasting
 + Level 2.1 Transmutations


You had 4 spell levels left.
You knew the following spells:

 Your Spells              Type           Power      Damage    Failure   Level
a - Beastly Appendage     Tmut           20%        N/A       7%          1
b - Wereblood             Tmut           10%        N/A       11%         2

Your spell library contained the following spells:

 Spells                   Type           Power      Damage    Failure   Level
 Lesser Beckoning         Tloc           4%         N/A       26%         2
 Spider Form              Tmut/Pois      6%         N/A       32%         3
 Gell's Gravitas          Tloc           2%         N/A       45%         3
 Teleport Other           Tloc           2%         N/A       45%         3
 Ice Form                 Ice/Tmut       6%         N/A       73%         4
 Airstrike                Air            1%         2d(1-17)  86%         4
 Summon Lightning Spire   Summ/Air       2%         N/A       86%         4
 Plasma Beam              Fire/Air       1%         2x1d8     99%         5


Dungeon Overview and Level Annotations

Branches:
Dungeon (5/15)
 Temple: D:4-7

Altars:

Annotations:
D:2 exclusion: downstairs
D:3 Ijyb


Innate Abilities, Weirdness & Mutations

You have temporarily grown beastly horns and talons.
You have sharp fingernails.
You have an unusually large brain. (Int +2)


Message History

The iguana hisses angrily.
Casting: Beastly Appendage (safe; 7% risk of failure)
Confirm with . or Enter, or press ? or * to list all spells.
You miscast Beastly Appendage.
You are very lightly contaminated with residual magic.
Nothing appears to happen.
Unknown command.
Casting: Beastly Appendage (safe; 7% risk of failure)
Confirm with . or Enter, or press ? or * to list all spells.
You miscast Wereblood.
Nothing appears to happen.
Casting: Wereblood (safe; 11% risk of failure)
Confirm with . or Enter, or press ? or * to list all spells.
You grow a pair of large bovine horns.
Your feet morph into talons.
Unknown command.
You barely miss the iguana. Your kick misses the iguana.
You scratch the iguana but do no damage.
You claw the iguana.
The iguana is moderately wounded.
The iguana misses you.
You scratch the iguana but do no damage.
You claw the iguana, but do no damage.
The iguana is moderately wounded.
The iguana bites you!
Unknown command.
You closely miss the iguana. You claw the iguana!
Your headbutt misses the iguana.
The iguana is severely wounded.
The iguana bites you!
Unknown command.
You are too injured to fight recklessly!
You are too injured to fight recklessly!
Unknown command.
You are too injured to fight recklessly!
Unknown command.
You scratch the iguana but do no damage.
You claw the iguana.
You headbutt the iguana, but do no damage.
The iguana is almost dead.
The iguana bites you!
You die...

#...#.#####
##.)
###....#
##)
###..### ##
#....#
#.##.###
#..##...#
#.#####.##
.# #.
#..###...#
#. ##.@l..#
#.
####......
)###. #


You could see an iguana.

Vanquished Creatures
  An iguana (D:4)
  2 adders
  A worm (D:2)
  7 ball pythons
  4 endoplasms
  4 giant cockroaches
  7 hobgoblins
  10 jackals
  3 quokkas
  5 bats
  9 frilled lizards
  9 goblins
  9 kobolds
  8 rats
79 creatures vanquished.

Notes
Turn   | Place    | Note
-------+----------+-------------------------------------------
     0 | D:1      | 112233 the Demonspawn Transmuter began the quest for the
                  | Orb.
     0 | D:1      | Reached XP level 1. HP: 15/15 MP: 3/3
   316 | D:1      | Gained mutation: You have sharp fingernails. [demonic
                  | ancestry]
   316 | D:1      | Reached XP level 2. HP: 17/21 MP: 5/5
   643 | D:1      | Reached skill level 3 in Unarmed Combat
  1100 | D:1      | Learned a level 2 spell: Wereblood
  1167 | D:2      | Gained mutation: You have an unusually large brain. (Int
                  | +2) [demonic ancestry]
  1167 | D:2      | Reached XP level 3. HP: 27/27 MP: 4/6
  1498 | D:2      | Reached XP level 4. HP: 33/33 MP: 5/7
  1796 | D:3      | Noticed Ijyb
  1999 | D:3      | Identified the +4 trident of Conservatism {vamp, Int+2}
  2149 | D:5      | Entered Level 5 of the Dungeon
  2187 | D:5      | Slain by an iguana

Illustrated notes

Levels and vault maps discovered:
D:1:      dpeg_arrival_leaves_temple_mockup, layout_basic, minmay_misc_feat_rows
D:2:      layout_rooms, small_statue_intersection, minmay_diced_spiral
D:3:      layout_rooms, serial_shops, shop, chequers_serial_rivers_room_b,
          uniq_ijyb
D:4:      layout_rooms, grunt_temple_overflow_gold_and_silver,
          nicolae_overflow_squiral, uniq_robin
D:5:      layout_rooms, minmay_temple_entry_proselytizer, abandoned_shop

Skill      XL: |  1  2  3 |
---------------+----------+-----
Dodging        | 2 |  2.8
Unarmed Combat | 3 |  3.4
Transmutations | 2 |  2.1
Fighting       | 2 |  2.4
Spellcasting   | |  2.4

Action                     |  1- 3 |  4- 6 || total
---------------------------+-------+-------++-------
  Melee: Unarmed           |   125 |    58 ||   183
         Kick              |    18 |    17 ||    35
         Headbutt          |    15 |     6 ||    21
         Punch             |     1 |     1 ||     2
   Cast: Beastly Appendage |    29 |    14 ||    43
         Wereblood         |     1 |     2 ||     3
    Use: Potion            |     1 |       ||     1
         Scroll            |       |     4 ||     4
   Stab: Sleeping          |       |     1 ||     1
 Armour: Robe              |    27 |    11 ||    38
  Dodge: Dodged            |    86 |    43 ||   129

Table legend: (Time is in decaauts)
 A = Elapsed time spent in this place.
 B = Non-inter-level travel time spent in this place.
 C = Inter-level travel time spent in this place.
 D = Time resting spent in this place.
 E = Time spent auto-exploring this place.
 F = Levels seen in this place.
 G = Mean time per level.
                   A        B        C        D        E       F      G
               +--------+--------+--------+--------+--------+-----+--------+
         Total |   2175 |   2068 |    107 |     57 |   1539 |   5 |  435.0 |
       Dungeon |   2175 |   2068 |    107 |     57 |   1539 |   5 |  435.0 |
               +--------+--------+--------+--------+--------+-----+--------+

Top non-repeatable levels by time:
     D:1: 1150 daAuts
     D:2: 701 daAuts
     D:3: 175 daAuts
     D:4: 110 daAuts
     D:5: 37 daAuts
